Map: Acid Plant LE

Players

DisK

  • Race: Protoss Protoss
  • Spawn Location: 5:00

Rhizer - Winner!

  • Race: Protoss Protoss
  • Spawn Location: 11:00

Event: WCS Montreal 2018

VOD

Have the link to the VOD?

Description

Time

  • Played on: Sept. 7, 2018, 4:27 p.m.
  • Length: 5:15

All games in this series

Show
View Real Time Build Order
Export as new Build Order

DisK Protoss 

Build Orders: Blink Stalkers 

Get SALT Encoding   

  12  0:00  Probe  
  13  0:12  Probe  
  14  0:17  Pylon  
  14  0:24  Probe  
  15  0:33  Probe  
  15  0:35  Gateway  
  15  0:42  Probe  
  16  0:45  Assimilator  
  17  0:51  Probe  
  17  0:55  Assimilator  
  18  0:59  Probe  
  19  1:07  Probe  
  19  1:09  Gateway  
  20  1:19  Probe  
  21  1:26  Cybernetics Core  
  21  1:31  Probe  
  22  1:35  Pylon  
  22  1:43  Probe  
  23  1:52  Warp Gate  
  23  2:02  Stalker x2  
  27  2:13  Pylon  
  27  2:27  Twilight Council  
  27  2:32  Stalker  
  27  2:33  Stalker  
  31  2:48  Shield Battery  
  31  2:49  Blink  
  31  3:05  Stalker  
  35  3:07  Pylon  
  35  3:18  Pylon  
  35  3:20  Pylon  
  35  3:26  Probe  
  36  3:32  Pylon  
  34  3:43  Shield Battery  
  33  3:50  Probe  
  33  3:55  Stalker x2  
  38  4:08  Nexus  
  38  4:18  Stalker  
  38  4:20  Stalker  
  28  4:38  Probe  
  28  4:42  Stalker  
  28  4:43  Stalker  
Show
View Real Time Build Order
Export as new Build Order

Rhizer Protoss - Winner!

Build Orders: Oracle Opening 

Get SALT Encoding   

  12  0:00  Probe  
  13  0:12  Probe  
  14  0:17  Pylon  
  14  0:24  Probe  
  15  0:32  Probe  
  15  0:37  Gateway  
  15  0:40  Probe  
  16  0:46  Assimilator  
  17  0:51  Probe  
  17  0:55  Assimilator  
  18  1:00  Probe  
  19  1:08  Probe  
  19  1:09  Gateway  
  19  1:17  Probe  
  21  1:28  Cybernetics Core  
  21  1:30  Probe  
  22  1:38  Pylon  
  22  1:42  Probe  
  23  1:56  Probe  
  23  1:58  Warp Gate  
  23  1:59  Pylon  
  24  2:04  Adept  
  24  2:06  Adept  
  28  2:18  Stargate  
  28  2:24  Pylon  
  28  2:32  Stalker  
  30  2:40  Stalker  
  32  2:56  Oracle  
  32  2:59  Gateway  
  32  3:02  Shield Battery  
  34  3:30  Stalker  
  34  3:34  Oracle  
  39  3:39  Stalker  
  41  3:53  Pylon  
  39  4:02  Shield Battery  
  37  4:06  Robotics Facility  
  37  4:13  Stalker  
  39  4:18  Stalker  
  41  4:28  Stalker  
  43  4:40  Stalker  
  43  4:41  Shield Battery  
  43  4:45  Pylon  
  48  5:09  Pylon  
Tags
 
Add a new tag
Caveats
  • Supply blocks, unpowered buildings, or Contaminate may cause inaccurate times.
  • Supply counts are checked every 10 seconds.